 Dungeon Sprint DCSS version 0.27-a0-1137-g3ef0f4ec91 (webtiles) character file.

Game seed: 1207686126363474865

6535 mhtbhm the Scorcher (level 10, -8/52 HPs)
             Began as a Deep Elf Fire Elementalist on May 7, 2021.
             Was the Champion of Vehumet.
             Mangled by a guardian serpent (glowing shapeshifter) (12 damage)
             ... while petrified by a basilisk
             ... in the Dungeon (Sprint V: "Ziggurat Sprint").
             The game lasted 00:06:17 (967 turns).

mhtbhm the Scorcher (Deep Elf Fire Elementalist)     Turns: 967, Time: 00:06:18

Health: -8/52      AC:  5    Str:  3      XL:     10   Next: 69%
Magic:  29/30      EV:  2    Int: 36      God:    Vehumet [******]
Gold:   0          SH:  0    Dex: 14 (15) Spells: 1/37 levels left

rFire    + . .     SeeInvis .   C - +8 lance "Wyrmbane" {slay drac, rPois rF+ rC+ AC+3}
rCold    + . .     Faith    .   (no shield)
rNeg     + + +     Spirit   .   a - +0 robe
rPois    ∞         Reflect  .   (no helmet)
rElec    .         Harm     .   (no cloak)
rCorr    .         Rampage  .   (no gloves)
Will     +....     Clarity  +   (no boots) Stlth +++++.....NoTele +
                                A - amulet of magic regeneration
HPRegen  0.17/turn              u - +6 ring of intelligence
MPRegen  0.47/turn              v - +6 ring of intelligence

@: petrified, studying Bows
A: clarity, deterioration 1, weak 1
a: Renounce Religion


You were in the Dungeon.
You worshipped Vehumet.
Vehumet was exalted by your worship.
You visited 1 branch

Inventory:

Hand Weapons
 C - the +8 lance "Wyrmbane" (weapon) {slay drac, rPois rF+ rC+ AC+3}
   (You found it in the Dungeon)

   It affects your AC (+3).
   It protects you from fire.
   It protects you from cold.
   It protects you from poison.
Armour
 a - a +0 robe (worn)
Jewellery
 u - a +6 ring of intelligence (left hand)
 v - a +6 ring of intelligence (right hand)
 A - an amulet of magic regeneration (around neck)
Wands
 y - a wand of mindburst (7)
Scrolls
 h - 2 scrolls of blinking
 m - 4 scrolls of amnesia
 n - 7 scrolls of fog
 o - a scroll of holy word
 p - 5 scrolls of identify
 q - 4 scrolls of enchant weapon
Potions
 b - 2 potions of brilliance
 c - 10 potions of curing
 d - 7 potions of heal wounds
 e - 6 potions of haste
 f - 7 potions of magic
 g - 3 potions of berserk rage
 i - 2 potions of invisibility
 j - 4 potions of resistance
 k - a potion of experience
 l - 5 potions of might
Miscellaneous
 r - a condenser vane
 s - a phantom mirror
 z - a tin of tremorstones (2/2)
 B - a lightning rod (4/4)
 D - a box of beasts


   Skills:
 + Level 1.2 Fighting
 + Level 10.3 Dodging
 + Level 11.1 Stealth
 + Level 14.2 Spellcasting
 + Level 5.8 Conjurations
 + Level 17.5 Fire Magic
 + Level 10.9 Evocations


You had one spell level left.
You knew the following spells:

 Your Spells              Type           Power      Damage    Failure   Level
a - Foxfire               Conj/Fire      100%       2x1d9     0%          1
b - Conjure Flame         Conj/Fire      83%        6-21      1%          3
c - Inner Flame           Hex/Fire       73%        N/A       1%          3
d - Sticky Flame          Conj/Fire      83%        2d9       1%          4
e - Fireball              Conj/Fire      41%        3d17      1%          5
f - Bolt of Magma         Conj/Fire/Erth 34%        4d15      1%          5
g - Statue Form           Tmut/Erth      16%        N/A       93%         6
h - Iron Shot             Conj/Erth      23%        9d5       17%         6
i - Mephitic Cloud        Conj/Pois/Air  39%        N/A       1%          3

Your spell library contained the following spells:

 Spells                   Type           Power      Damage    Failure   Level
 Iskenderun's Mystic Bla  Conj/Tloc      46%        2d10      1%          4
 Magic Dart               Conj           100%       1d8       1%          1
 Sting                    Tmut/Pois      100%       1d8       1%          1
 Poisonous Vapours        Pois/Air       50%        N/A       1%          2
 Searing Ray              Conj           100%       3d7       1%          2
 Dazzling Flash           Conj/Hex       92%        N/A       1%          3
 Ignite Poison            Fire/Tmut/Pois 61%        N/A       1%          3
 Fulminant Prism          Conj/Hex       23%        3d13      1%          4
 Iskenderun's Battlesphe  Conj           61%        2d11      1%          5
 Ensorcelled Hibernation  Hex/Ice        50%        N/A       2%          2
 Sublimation of Blood     Necr           12%        N/A       2%          2
 Lightning Bolt           Conj/Air       23%        1d38      3%          5
 Airstrike                Air            12%        N/A       4%          4
 Animate Armour           Summ/Erth      50%        N/A       16%         4
 Cause Fear               Hex            12%        N/A       16%         4
 Dispel Undead            Necr           25%        3d12      16%         4
 Summon Lightning Spire   Summ/Air       25%        N/A       16%         4
 Conjure Ball Lightning   Conj/Air       23%        3x3d6     17%         6
 Freezing Cloud           Conj/Ice/Air   19%        6-21      26%         6
 Orb of Destruction       Conj           30%        9d12      28%         7
 Alistair's Intoxication  Tmut/Pois      16%        N/A       38%         5
 Borgnjor's Vile Clutch   Necr/Erth      12%        N/A       38%         5
 Hydra Form               Tmut           12%        N/A       38%         5
 Silence                  Hex/Air        12%        N/A       38%         5
 Summon Forest            Summ/Tloc      12%        N/A       38%         5
 Summon Mana Viper        Hex/Summ       25%        N/A       38%         5
 Spellforged Servitor     Conj/Summ      23%        N/A       65%         7
 Blade Hands              Tmut           12%        N/A       93%         6
 Shadow Creatures         Summ           N/A        N/A       93%         6
 Dragon Form              Tmut           12%        N/A       100%        7
 Summon Hydra             Summ           12%        N/A       100%        7
 Dragon's Call            Summ           12%        N/A       100%        9


Dungeon Overview and Level Annotations

Branches:
Dungeon (1/1)

Altars:
Ashenzari
Cheibriados
Dithmenos
Elyvilon
Fedhas
Gozag
Hepliaklqana
Kikubaaqudgha
Makhleb
Nemelex Xobeh
Okawaru
Qazlal
Ru
Sif Muna
Trog
Uskayaw
Vehumet
Wu Jian
Xom
Yredelemnul
Zin
The Shining One
Beogh
Jiyva
Lugonu


Innate Abilities, Weirdness & Mutations

You possess an exceptional clarity of mind.
Your body sometimes deteriorates upon taking damage.
You are weak. (Str -2)


Message History

Confirm with . or Enter, or press ? or * to list all spells.
Aiming: Fireball (safe; 1% risk of failure)
Press: ? - help, Shift-Dir - straight line, f - black mamba
Aim: a black mamba shaped shifter (heavily wounded)
The fireball explodes!
The fireball engulfs the black mamba!!
You kill the black mamba!
Vehumet accepts your kill.
You feel your power returning.
The fireball engulfs the two-headed ogre!!
You kill the two-headed ogre!
Vehumet accepts your kill.
You feel your power returning.
The fireball engulfs the guardian serpent!
The guardian serpent is heavily wounded.
The fireball engulfs the polar bear!!
You kill the polar bear!
Vehumet accepts your kill.
You feel your power returning.
The fire crab changes into a rime drake!
The shining eye is struck by lightning.
You have turned to stone.
Your condenser vane has recharged.
Your Stealth skill increases to level 11!
Your Spellcasting skill increases to level 14!
Your Conjurations skill increases to level 5!
The troll is struck by lightning.
The guardian serpent hits you.
The troll is struck by lightning.
The guardian serpent hits you!
Your body deteriorates!
You feel clumsy. The guardian serpent hits you!
The guardian serpent hits you!! x2
The guardian serpent barely misses you. The rime drake bites you.
The guardian serpent hits you!
* * * LOW HITPOINT WARNING * * *
The rime drake bites you.
* * * LOW HITPOINT WARNING * * *
The troll bites you!
* * * LOW HITPOINT WARNING * * *
The troll claws you. The troll claws you but does no damage.
The guardian serpent hits you!!
You die...

▓..))))...▓
▓.§§§§§§§§▓...).)...▓
▓.§§§§§§§§▓...)).)..▓
▓.3§§§§§..▓....))...▓
▓.........▓.........▓
▓.........▓.........▓
▓...G.....▓.▓.....▓.▓
▓.▓.kST.▓.▓....©....▓
▓....@....▓▓▓▓▓▓▓▓▓▓▓
▓▓▓▓▓▓▓▓▓▓▓


You could see a shining eye, a guardian serpent shaped shifter, a troll shaped
shifter, a rime drake shaped shifter and a neqoxec.

Vanquished Creatures
  A two-headed ogre (shapeshifter) (D)
  A dancing weapon (D)
  A deep elf knight (D)
  A deep elf archer (D)
  A deep elf pyromancer (D)
  3 draconians (D)
  A black mamba (shapeshifter) (D)
  An ice devil (D)
  2 polar bears (D)
  A polar bear (shapeshifter) (D)
  A slime creature (D)
  A golden eye (D)
  A neqoxec (D)
  An ice beast (D)
  5 orc warriors (D)
  A necrophage (D)
  2 wights (D)
  A jelly (D)
  A quasit (D)
  5 orc priests (D)
  An iron imp (D)
  4 orc wizards (D)
  A white imp (D)
  3 adder skeletons (D)
  An adder simulacrum (D)
  8 orcs (D)
  A bat skeleton (D)
  A bat zombie (D)
  An endoplasm (D)
  A ball python skeleton (D)
  A ball python zombie (D)
  2 giant cockroach simulacra (D)
  A jackal skeleton (D)
58 creatures vanquished.

Notes
Turn   | Place    | Note
-------+----------+-------------------------------------------
     0 | D        | mhtbhm the Deep Elf Fire Elementalist began the quest for
                  | the Orb.
     0 | D        | Reached XP level 1. HP: 10/10 MP: 6/6
     0 | D        | Found a shimmering blue altar of Sif Muna.
     0 | D        | Found a bloodstained altar of Trog.
     0 | D        | Found a sacrificial altar of Ru.
     0 | D        | Found a stormy altar of Qazlal.
     0 | D        | Found an iron altar of Okawaru.
     1 | D        | Found a sparkling altar of Nemelex Xobeh.
     1 | D        | Found a blossoming altar of Fedhas.
     2 | D        | Found the +6 Majin-Bo {vamp, MP+6 Int+6}
     2 | D        | Found the +9 heavy crossbow "Sniper" {vorpal, Acc+∞ SInv}
     2 | D        | Found the +10 dark maul {vorpal}
     2 | D        | Found the +15 Maxwell's patent armour {-Cast -Tele rElec
                  | Will+ rCorr}
     2 | D        | Found the +18 shield of the Gong {rElec rN+ Will+ EV-5}
     2 | D        | Found the +14 obsidian axe {vorpal, Drain Fly SInv}
     2 | D        | Found the +7 great mace "Firestarter" {inner flame, rF++}
     2 | D        | Found the +6 shillelagh "Devastator" {shatter}
     2 | D        | Found the +11 plutonium sword {Contam Stlth-}
     2 | D        | Found the +8 lance "Wyrmbane" {slay drac, rPois rF+ rC+
                  | AC+3}
     2 | D        | Found the +9 sword of Zonguldrok {reap}
     2 | D        | Found the +13 scythe of Curses {drain, Drain}
     2 | D        | Found the +5 sword of Power {vorpal}
     2 | D        | Found the +7 mace of Variability {chain chaos}
     2 | D        | Found the +7 Singing Sword {vorpal, sonic wave}
     2 | D        | Found the +8 storm bow {elec, penet}
     3 | D        | Found a transporter.
     3 | D        | Found an ancient bone altar of Kikubaaqudgha.
     3 | D        | Found a viscous altar of Jiyva.
     3 | D        | Found a corrupted altar of Lugonu.
     3 | D        | Found a hazy altar of Hepliaklqana.
     3 | D        | Found a burning altar of Makhleb.
     3 | D        | Found an opulent altar of Gozag.
    35 | D        | Became a worshipper of Vehumet
    48 | D        | Entered arena 2.
    48 | D        | Noticed an iron imp
    48 | D        | Noticed a quasit
    48 | D        | Found a transporter.
    52 | D        | Killed a quasit
    53 | D        | Reached skill level 5 in Fire Magic
    53 | D        | Reached XP level 2. HP: 5/15 MP: 6/9
    53 | D        | Reached XP level 3. HP: 6/19 MP: 7/11
    54 | D        | Reached skill level 5 in Spellcasting
    54 | D        | Reached skill level 6 in Fire Magic
    54 | D        | Reached skill level 1 in Evocations
    58 | D        | Got Sif Muna's Volume of Virous Ignition
   261 | D        | Learned a level 3 spell: Conjure Flame
   265 | D        | Learned a level 3 spell: Inner Flame
   267 | D        | Entered arena 3.
   267 | D        | Noticed a draconian
   267 | D        | Noticed a draconian
   267 | D        | Noticed a draconian
   267 | D        | Found a transporter.
   275 | D        | Killed a draconian
   275 | D        | Reached * piety under Vehumet
   275 | D        | Offered knowledge of Freeze by Vehumet.
   276 | D        | Reached skill level 11 in Fire Magic
   276 | D        | Reached XP level 4. HP: 24/24 MP: 11/16
   276 | D        | Reached XP level 5. HP: 28/28 MP: 12/18
   276 | D        | Reached XP level 6. HP: 32/32 MP: 12/19
   278 | D        | Killed a draconian
   279 | D        | Reached skill level 12 in Fire Magic
   279 | D        | Reached skill level 5 in Evocations
   279 | D        | Reached XP level 7. HP: 36/36 MP: 15/22
   280 | D        | Killed a draconian
   281 | D        | Reached skill level 10 in Spellcasting
   281 | D        | Reached skill level 13 in Fire Magic
   281 | D        | Reached XP level 8. HP: 41/41 MP: 16/24
   403 | D        | Entered arena 4.
   403 | D        | Noticed a deep elf pyromancer
   403 | D        | Noticed a deep elf archer
   403 | D        | Noticed a deep elf knight
   403 | D        | Noticed a +3 hand axe of distortion
   403 | D        | Found a transporter.
   404 | D        | Identified the +11 great sword "Ruogheycs" {venom, *Rage
                  | Dex+5}
   408 | D        | Killed a deep elf knight
   408 | D        | Reached ** piety under Vehumet
   409 | D        | Reached skill level 14 in Fire Magic
   413 | D        | Killed a +3 hand axe of distortion
   414 | D        | Reached skill level 15 in Fire Magic
   414 | D        | Reached XP level 9. HP: 35/46 MP: 26/26
   415 | D        | Killed a deep elf pyromancer
   417 | D        | Killed a deep elf archer
   417 | D        | Reached *** piety under Vehumet
   418 | D        | Reached skill level 16 in Fire Magic
   444 | D        | Learned a level 4 spell: Sticky Flame
   450 | D        | Learned a level 5 spell: Fireball
   466 | D        | Learned a level 5 spell: Bolt of Magma
   467 | D        | Entered arena 5.
   467 | D        | Found a transporter.
   468 | D        | Offered knowledge of Shock by Vehumet.
   469 | D        | Reached skill level 1 in Fighting
   470 | D        | Reached **** piety under Vehumet
   477 | D        | Got the Papyrus of Mutagenic Toxins
   520 | D        | Learned a level 6 spell: Statue Form
   522 | D        | Entered arena 6.
   522 | D        | Found a transporter.
   523 | D        | Found the +8 demon blade "Leech" {vamp, *Rage +Rage rN+}
   525 | D        | Reached skill level 10 in Stealth
   526 | D        | Reached ***** piety under Vehumet
   602 | D        | Entered arena 7.
   628 | D        | Found a transporter.
   667 | D        | Learned a level 6 spell: Iron Shot
   689 | D        | Entered arena 8.
   690 | D        | Offered knowledge of Frozen Ramparts by Vehumet.
   690 | D        | Reached ****** piety under Vehumet
   691 | D        | Found a transporter.
   811 | D        | Entered arena 9.
   811 | D        | Identified the ring of Heulau {Str+6 SInv}
   814 | D        | Reached XP level 10. HP: 48/52 MP: 24/28
   816 | D        | Found a transporter.
   824 | D        | Got the Disquisition on Cloudy Poisoning
   843 | D        | Entered arena 10.
   844 | D        | Offered knowledge of Iskenderun's Mystic Blast by Vehumet.
   847 | D        | Reached skill level 10 in Dodging
   848 | D        | Reached skill level 17 in Fire Magic
   848 | D        | Reached skill level 10 in Evocations
   848 | D        | Found a transporter.
   918 | D        | Entered arena 11.
   923 | D        | Found a transporter.
   932 | D        | Got the Disquisition on Transmigration and Sinister Rites
   955 | D        | Learned a level 3 spell: Mephitic Cloud
   956 | D        | Entered arena 12.
   956 | D        | Noticed a two-headed ogre
   956 | D        | Noticed an anaconda
   956 | D        | Noticed a guardian serpent
   956 | D        | Noticed a glowing shapeshifter
   956 | D        | an anaconda changed into a glowing shapeshifter
   956 | D        | Noticed a shining eye
   957 | D        | Noticed a moth of wrath
   957 | D        | a glowing shapeshifter changed into a moth of wrath
   957 | D        | Gained mutation: You possess an exceptional clarity of
                  | mind. [a neqoxec]
   958 | D        | Noticed a black mamba
   958 | D        | a raiju changed into a black mamba
   958 | D        | Noticed a guardian serpent
   958 | D        | a moth of wrath changed into a guardian serpent
   958 | D        | Gained mutation: You are weak. (Str -2) [a shining eye]
   958 | D        | Noticed a fire crab
   959 | D        | a guardian serpent changed into a polar bear
   959 | D        | Gained mutation: Your body sometimes deteriorates upon
                  | taking damage. [a shining eye]
   960 | D        | Killed a black mamba
   960 | D        | Killed a two-headed ogre
   960 | D        | a fire crab changed into a rime drake
   961 | D        | Reached skill level 5 in Conjurations
   967 | D        | Mangled by a guardian serpent (glowing shapeshifter)

Illustrated notes

Levels and vault maps discovered:
D:        sprint_v [room_start, room_1, room_2, room_3, room_4, room_5, room_6,
          room_7, room_8, room_9, room_10, room_11, room_12, room_13, room_14,
          room_15, room_16, room_17, room_18, room_19, room_20, room_21,
          room_22, room_23, room_24, room_25, room_26, room_27]

Skill      XL: |  1  2  3  4  5  6  7  8  9 10 |
---------------+-------------------------------+-----
Dodging        | 3 6 7 8 9 10 | 10.3
Stealth        | 3 6 7 9 10 11 | 11.1
Spellcasting   | 4 8 9 10 11 12 14 | 14.2
Fire Magic     | 5 11 12 13 15 16 17 | 17.5
Evocations     | 4 5 6 7 9 10 | 10.9
Conjurations   | 2 3 5 |  5.8
Fighting       | 1 |  1.2

Action                   |  1- 3 |  4- 6 |  7- 9 | 10-12 || total
-------------------------+-------+-------+-------+-------++-------
 Cast: Fireball          |       |       |    12 |    12 ||    24
Evoke: Wand              |     7 |       |     7 |       ||    14
       Lightning rod     |     3 |     2 |     3 |       ||     8
       Condenser vane    |       |       |       |     1 ||     1
  Use: Scroll            |     1 |       |     3 |       ||     4
       Potion            |       |       |     3 |       ||     3
Armor: Robe              |     3 |       |     2 |     1 ||     6
Dodge: Dodged            |     4 |       |     6 |     1 ||    11

Table legend: (Time is in decaauts)
 A = Elapsed time spent in this place.
 B = Non-inter-level travel time spent in this place.
 C = Inter-level travel time spent in this place.
 D = Time resting spent in this place.
 E = Time spent auto-exploring this place.
 F = Levels seen in this place.
 G = Mean time per level.
                   A        B        C        D        E       F      G
               +--------+--------+--------+--------+--------+-----+--------+
         Total |    966 |    966 |      0 |    593 |      0 |   1 |  966.0 |
       Dungeon |    966 |    966 |      0 |    593 |      0 |   1 |  966.0 |
               +--------+--------+--------+--------+--------+-----+--------+

Top non-repeatable levels by time:
       D: 966 daAuts
